 Dungeon Crawl Stone Soup version 0.22.1-1-ga44c0e56f4 (webtiles) character file.

60 Revguard the Skirmisher (level 3, -3/43 HPs)
             Began as a Demonspawn Fighter on Oct 21, 2018.
             Slain by Natasha (4 damage)
             ... on level 2 of the Dungeon.
             The game lasted 00:02:28 (778 turns).

Revguard the Skirmisher (Demonspawn Fighter)         Turns: 778, Time: 00:02:29

Health: -3/43      AC:  8    Str: 21    XL:     3   Next: 82%
Magic:  3/3        EV:  7    Int:  9    God:
Gold:   8          SH:  9    Dex: 13    Spells: 2/2 levels left

rFire    . . .     SeeInvis .   a - +0 long sword
rCold    . . .     Gourm    .   c - +0 shield
rNeg     . . .     Faith    .   b - +0 scale mail
rPois    .         Spirit   .   (no helmet)
rElec    .         Reflect  .   (no cloak)
rCorr    .         Harm     .   k - +1 pair of gloves
MR       .....                  (no boots)
Stlth    ..........             (no amulet)
HPRegen  0.14/turn              (no ring)
MPRegen  0.08/turn              (no ring)

@: berserking (expiring), slowed
A: rot immunity
a: no special abilities


You were on level 2 of the Dungeon.
You were not hungry.

You visited 1 branch of the dungeon, and saw 2 of its levels.

You collected 8 gold pieces.

Inventory:

Hand Weapons
 a - a +0 long sword (weapon)
Armour
 b - a +0 scale mail (worn)
 c - a +0 shield (worn)
 k - a +1 pair of gloves (worn)
Scrolls
 e - 3 scrolls of remove curse {unknown}
 g - a scroll of fog {unknown}
 j - 2 scrolls of identify {unknown}
Potions
 d - a potion of might
 h - a potion of degeneration {unknown}
 i - a potion of berserk rage
 l - a potion of haste {unknown}
Comestibles
 f - 2 rations


   Skills:
 + Level 3.3 Fighting
 + Level 2.3 Long Blades
 + Level 3.1 Armour
 * Level 1.0 Dodging
 + Level 3.1 Shields


You had 2 spell levels left.
You didn't know any spells.
Your spell library was empty.

Dungeon Overview and Level Annotations

Branches:
Dungeon (2/15)

Altars:

Annotations:
D:2 Natasha


Innate Abilities, Weirdness & Mutations

You are immune to rotting.


Message History

Natasha growls.
Found a ration.
The bat barely misses you. Natasha claws you.
* * * LOW HITPOINT WARNING * * *
You closely miss Natasha. The bat barely misses you.
You riposte.
You barely miss the bat. You block Natasha's attack. Natasha claws you.
* * * LOW HITPOINT WARNING * * *
It was a potion of berserk rage.
A red film seems to cover your vision as you go berserk!
You feel yourself moving faster!
You feel mighty! The bat hits you but does no damage. Natasha claws you.
* * * LOW HITPOINT WARNING * * *
You are too berserk!
Wield which item (- for none, * to show all)? (? for menu, Esc to quit)
Okay, then.
You are too berserk!
You barely miss Natasha. The bat closely misses you.
You block Natasha's attack.
You miss Natasha. The bat hits you but does no damage. Natasha claws you.
You die...

#...#........................
..###......(.................
.................).......
............[........#...
#........................
#......).....##..##......
....>..†......##.........
........b......####.
##.#....@h......# #.
#..........#.# .
#..........).# #.>...........
......[....#.[..
.......##.### # ....###.# .#
%... #.. .#


You could see Natasha and a bat.

Vanquished Creatures
  Natasha (D:2)
  4 dart slugs (D:1)
  A leopard gecko (D:1)
  A giant cockroach (D:1)
  4 hobgoblins
  2 bats (D:1)
  A frilled lizard (D:1)
  7 goblins (D:1)
  2 kobolds (D:1)
  4 rats
27 creatures vanquished.

Notes
Turn   | Place    | Note
-------+----------+-------------------------------------------
     0 | D:1      | Revguard the Demonspawn Fighter began the quest for the
                  | Orb.
     0 | D:1      | Reached XP level 1. HP: 18/18 MP: 1/1
   119 | D:1      | Gained mutation: You are immune to rotting. [demonic
                  | ancestry]
   119 | D:1      | Reached XP level 2. HP: 23/24 MP: 2/2
   630 | D:1      | Reached XP level 3. HP: 26/29 MP: 3/3
   697 | D:2      | Noticed Natasha
   709 | D:2      | Killed Natasha
   709 | D:2      | Reached skill level 1 in Dodging
   769 | D:2      | Noticed Natasha
   776 | D:2      | HP: 1/43 [Natasha (3)]
   778 | D:2      | Slain by Natasha

Skill      XL: |  1  2  3 |
---------------+----------+-----
Armour         | 3 |  3.1
Long Blades    | 2 |  2.3
Shields        | 3 |  3.1
Dodging        | 1 |  1.0
Fighting       | |  3.3

Action                   || total
-------------------------++-------
Melee: Long sword        ||    92
  Use: Potion            ||     1
Armor: Scale mail        ||    48
Dodge: Dodged            ||    26
Block: Shield            ||    53
       Rpst.: Long sword ||     7
